 Dungeon Sprint DCSS version 0.30.1-9-gdf580d7c3d (webtiles) character file.

Game seed: 1095357394135582176

94 Heoruswealwe the Poker (level 4, -2/45 HPs)
             Began as a Minotaur Fighter on Sept 29, 2023.
             Killed by vampiric draining
             ... invoked by a vampire
              (9 damage)
             ... in the Dungeon (Sprint IX: "|||||||||||||||||||||||||||||").
             The game lasted 00:01:05 (104 turns).

Heoruswealwe the Poker (Minotaur Fighter)            Turns: 104, Time: 00:01:06

Health: -2/45      AC:  7    Str: 22    XL:     4   Next: 38%
Magic:  3/3        EV:  9    Int:  5    God:
Gold:   0          SH:  4    Dex: 10    Spells: 3/3 levels left

rFire   . . .        a - +0 trident
rCold   . . .        d - +0 buckler
rNeg    . . .        c - +0 scale mail
rPois   .            (helmet restricted)
rElec   .            (no cloak)
rCorr   .            (no gloves)
SInv    .            (no boots)
Will    .....        (no amulet) Stlth
                     (no ring)
HPRegen 0.27/turn    (no ring)
MPRegen 0.08/turn

%: no teleportation
@: no status effects
A: horns 2, retaliatory headbutt
a: no special abilities


You were in the Dungeon.
You visited 1 branch

Inventory:

Hand Weapons
 a - a +0 trident (weapon)
Armour
 c - a +0 scale mail (worn)
 d - a +0 buckler (worn)
Jewellery
 m - a +3 ring of intelligence
 n - a +3 ring of dexterity
Wands
 l - a wand of roots (10)
Scrolls
 j - 2 scrolls of blinking
 k - 2 scrolls of amnesia
Potions
 b - a potion of might
 e - 5 potions of curing
 f - a potion of invisibility
 g - a potion of haste
 h - 2 potions of heal wounds
 i - a potion of berserk rage


   Skills:
 + Level 6.3 Fighting
 * Level 7.7 Polearms
 + Level 6.3 Armour
 - Level 3.6 Shields


You had 3 spell levels left.
You didn't know any spells.
Your spell library was empty.

Dungeon Overview and Level Annotations

Branches:
Dungeon (1/1)

Altars:
Cheibriados
Dithmenos
Elyvilon
Fedhas
Gozag
Hepliaklqana
Kikubaaqudgha
Makhleb
Nemelex Xobeh
Okawaru
Qazlal
Ru
Sif Muna
Trog
Uskayaw
Vehumet
Wu Jian
Xom
Yredelemnul
Zin
The Shining One
Jiyva
Lugonu


Innate Abilities, Weirdness & Mutations

You have a pair of horns on your head.
You reflexively headbutt those who attack you in melee.


Message History

f - a potion of invisibility;
h - 2 potions of heal wounds
e - 5 potions of curing (gained 4)
You see here 2 potions of magic.
Found a +3 ring of dexterity.
k - 2 scrolls of amnesia;
j - 2 scrolls of blinking (gained 1)
l - a wand of roots (10)
Items here: )))))).
Okay, then.
You see here a +0 pair of boots.
You see here a +0 helmet.
You see here a +0 plate armour.
m - a +3 ring of intelligence
n - a +3 ring of dexterity You open the door.
A kobold brigand, a centaur, a hornet, an orc wizard and a vampire come into view.
The kobold brigand is wielding a +0 dagger and quivering curare-tipped darts.
The kobold brigand shouts!
The centaur shouts!
The hornet buzzes angrily.
You barely miss the vampire. The vampire hits you.
The vampire barely misses you.
You puncture the vampire!
The vampire is lightly damaged.
The vampire hits you. The vampire barely misses you.
You hit the vampire. Your headbutt misses the vampire.
The vampire is moderately damaged.
The vampire hits you!
The vampire bites you but does no damage.
You barely miss the vampire.
The vampire is moderately damaged.
You block the vampire's attack.
The vampire bites you but does no damage.
You barely miss the vampire. Your headbutt misses the vampire.
The vampire is moderately damaged.
The vampire barely misses you. You furiously retaliate!
You headbutt the vampire! The vampire bites you!
* * * LOW HITPOINT WARNING * * *
The vampire draws strength from your injuries!
You hit the vampire but do no damage.
The vampire is heavily damaged.
The vampire draws life force from you!
You die...

▓.▓
▓K▓
▓.▓
▓c▓
▓y▓
▓o▓
▓V▓
▓@▓
▓.▓
▓[▓
▓[▓
▓[▓
▓.▓
▓)▓
▓.▓
▓!▓


You could see a hornet, a vampire, a kobold brigand, a centaur and an orc
wizard.

Vanquished Creatures
  3 iguanas (D)
  A white imp (D)
  A dart slug (D)
  An orc (D)
  A hobgoblin (D)
  A jackal (D)
  A frilled lizard (D)
  A rat (D)
10 creatures vanquished.

Notes
Turn   | Place    | Note
-------+----------+-------------------------------------------
     0 | D        | Heoruswealwe the Minotaur Fighter began the quest for the
                  | Orb.
     0 | D        | Reached XP level 1. HP: 19/19 MP: 0/0
     8 | D        | Reached skill level 3 in Polearms
    17 | D        | Reached skill level 4 in Polearms
    22 | D        | Noticed an iguana
    22 | D        | Noticed an iguana
    22 | D        | Noticed an iguana
    24 | D        | Reached XP level 2. HP: 28/28 MP: 1/1
    37 | D        | Reached skill level 5 in Fighting
    37 | D        | Reached skill level 6 in Polearms
    37 | D        | Reached skill level 5 in Armour
    37 | D        | Reached XP level 3. HP: 18/36 MP: 2/2
    44 | D        | Reached skill level 7 in Polearms
    50 | D        | Reached XP level 4. HP: 18/45 MP: 3/3
    56 | D        | Found a snail-covered altar of Cheibriados.
    56 | D        | Found a shadowy altar of Dithmenos.
    56 | D        | Found a white marble altar of Elyvilon.
    56 | D        | Found a blossoming altar of Fedhas.
    56 | D        | Found an opulent altar of Gozag.
    57 | D        | Found a hazy altar of Hepliaklqana.
    58 | D        | Found a viscous altar of Jiyva.
    59 | D        | Found an ancient bone altar of Kikubaaqudgha.
    60 | D        | Found a corrupted altar of Lugonu.
    61 | D        | Found a burning altar of Makhleb.
    62 | D        | Found a sparkling altar of Nemelex Xobeh.
    63 | D        | Found an iron altar of Okawaru.
    64 | D        | Found a stormy altar of Qazlal.
    65 | D        | Found a sacrificial altar of Ru.
    66 | D        | Found a shimmering blue altar of Sif Muna.
    67 | D        | Found a bloodstained altar of Trog.
    68 | D        | Found a hide-covered altar of Uskayaw.
    69 | D        | Found a radiant altar of Vehumet.
    70 | D        | Found an ornate altar of the Wu Jian Council.
    71 | D        | Found a shimmering altar of Xom.
    72 | D        | Found a basalt altar of Yredelemnul.
    73 | D        | Found a glowing silver altar of Zin.
    74 | D        | Found a glowing golden altar of the Shining One.
    98 | D        | Noticed a kobold brigand
    98 | D        | Noticed a centaur
    98 | D        | Noticed a hornet
    98 | D        | Noticed a vampire
   104 | D        | Killed from afar by a vampire

Illustrated notes

Levels and vault maps discovered:
D:        linesprint [early_d, line_temple, items_1, d_10, items_2, lair_1,
          lair_end, items_3, orc_1, orc_end, items_4, d_15, swamp_1, shoals_1,
          snake_1, spider_1, d_20, vaults_1, items_5, swamp_end, shoals_end,
          snake_end, spider_end, vaults_end, d_27, items_6, zot_1, zot_end,
          crypt_end, forest_end, elf_end, slime_end, tomb_end, abyss_end,
          pan_hell_end]

Skill      XL: |  1  2  3 |
---------------+----------+-----
Polearms       | 4 6 7 |  7.7
Fighting       | 4 5 6 |  6.3
Armour         | 4 5 6 |  6.3
Shields        | |  3.6

Action                     |  1- 3 |  4- 6 || total
---------------------------+-------+-------++-------
  Melee: Trident           |    37 |     6 ||    43
         Headbutt          |     2 |       ||     2
    Use: Potion            |     1 |       ||     1
 Armour: Scale mail        |     8 |     2 ||    10
  Dodge: Dodged            |    11 |     3 ||    14
  Block: Buckler           |     3 |     1 ||     4
